AoeStats
← Křovák

Arena

504233279Analyzed
1v1 RM · 29d ago on Sep 4, 2026· 79m 37s· 2 players
Game mode
Random Map
Map size
Tiny (2 player)
Population
200
Speed
Normal
Resources
Standard
Victory
Conquest
Starting age
Dark Age
Ending age
Imperial Age
RankedLock teamsTeams togetherTeam positionsShared explorationLock speedFull tech treeHidden civsTurbo modeCheats
Victory
Defeat
🇨🇳 Britons · China
881
+15
🇨🇿 Byzantines · Czechia
869
-15
Křovák
7:55 Loom
11:25 Feudal Age
16:13 Castle Age
14:58 Double-Bit Axe
15:28 Horse Collar
18:08 Bow Saw
18:23 Heavy Plow
21:31 Fletching
25:45 Elite Skirmisher
29:54 Imperial Age
28:24 Ballistics
28:08 Padded Archer Armor
31:47 Gold Mining
32:28 Bodkin Arrow
32:49 Leather Archer Armor
35:09 Two-Man Saw
34:14 Murder Holes
38:19 Chemistry
37:30 Fortified Wall
38:08 Stone Mining
43:16 Logistica
47:19 Bracer
47:49 Ring Archer Armor
50:28 Forging
50:24 Scale Barding Armor
50:58 Wheelbarrow
53:41 Iron Casting
53:27 Chain Barding Armor
56:19 Conscription
56:35 Hoardings
74:08 Plate Barding Armor
73:34 Scale Mail Armor
75:01 Pikeman
77:06 Squires
76:51 Arson
77:42 Chain Mail Armor
Fun
9:57 Feudal Age
10:22 Horse Collar
10:28 Double-Bit Axe
17:37 Castle Age
15:49 Gold Mining
18:03 Stone Mining
22:45 Heavy Plow
26:57 Imperial Age
26:15 Wheelbarrow
26:26 Wheelbarrow
25:37 Loom
26:45 Bow Saw
26:41 Treadmill Crane
27:14 Elite Skirmisher
30:50 Two-Man Saw
30:25 Hand Cart
30:02 Town Watch
31:01 Gold Shaft Mining
32:58 Ballistics
32:52 Masonry
33:02 Fortified Wall
32:45 Fletching
32:57 Padded Archer Armor
33:31 Bodkin Arrow
34:46 Chemistry
34:23 Warwolf
34:26 Warwolf
35:36 Conscription
36:55 Yeomen
37:28 Siege Engineers
39:28 Hoardings
39:16 Yeomen
39:36 Pikeman
40:18 Squires
40:23 Bracer
40:38 Leather Archer Armor
40:24 Scale Mail Armor
40:34 Forging
40:37 Masonry
40:25 Murder Holes
43:39 Ring Archer Armor
45:49 Guilds
46:30 Architecture
46:39 Iron Casting
46:28 Elite Longbowman
47:56 Guard Tower
48:25 Chain Mail Armor
48:15 Scale Barding Armor
50:39 Halberdier
51:05 Gambesons
50:40 Man-at-Arms
54:05 Blast Furnace
53:35 Plate Mail Armor
53:26 Chain Barding Armor
53:43 Keep
52:55 Arrowslits
52:59 Arson
52:34 Long Swordsman
58:48 Plate Barding Armor
57:37 Light Cavalry
58:18 Husbandry
57:38 Cavalier
57:41 Two-Handed Swordsman
61:42 Two-Handed Swordsman
69:22 Capped Ram
72:26 Champion
Connection lost

Rejoining the realm…

Still unreachable

The connection could not be restored.

Session expired

The server has moved on; the page needs a fresh start.